 Dungeon Crawl Stone Soup version 0.20.0-15-g7f486f2 (webtiles) character file.

364644 JeffiDaFish the Peltast (level 22, -22/148 HPs)
             Began as a Gargoyle Fighter on June 15, 2017.
             Was the Champion of Okawaru.
             Shot with a bolt by a yaktaur captain (25 damage)
             ... on level 5 of the Vaults on June 19, 2017.
             The game lasted 01:47:33 (39588 turns).

JeffiDaFish the Peltast (Gargoyle Fighter)         Turns: 39588, Time: 01:47:34

Health: -22/148    AC: 42    Str: 30    XL:     22   Next: 52%
Magic:  9/9        EV: 17    Int:  7    God:    Okawaru [******]
Gold:   1134       SH: 27    Dex: 25    Spells: 21/21 levels left

rFire    + . .     SeeInvis .   H - +5 demon whip "Spellbinder" {antimagic, MR+}
rCold    . . .     Gourm    .   J - +2 large shield of Okawaru's Pride {rElec rN+}
rNeg     + + .     Faith    .   M - +8 plate armour of Courage {+Blink}
rPois    ∞         Spirit   .   x - +0 helmet "Doecsunn" {rF+ Str+4}
rElec    +         Reflect  .   e - +0 cloak {+Inv}
rCorr    .         Harm     .   L - +2 pair of gloves {Str+3}
MR       ++...                  O - +2 pair of boots of the Assassin {Detection Stab+ Stlth++}
Stlth    ..........             g - amulet of regeneration
Regen    0.0/turn               P - +4 ring of dexterity
MPRegen  0.2/turn               w - +5 ring of dexterity

@: corroded, flying, very slightly contaminated
A: big wings, talons 1, dopey 1, negative energy resistance 1, electricity
resistance, inhibited regeneration, unbreathing, petrification resistance, no
potion heal 1, rot immunity, AC +16
}: 2/15 runes: serpentine, barnacled
a: Stop Flying, Heroism, Finesse, Renounce Religion, Evoke Blink, Evoke
Invisibility


You were on level 5 of the Vaults.
You worshipped Okawaru.
Okawaru was exalted by your worship.
You were very hungry.

You visited 7 branches of the dungeon, and saw 37 of its levels.
You also visited: Sewer.

You collected 3851 gold pieces.
You spent 2717 gold pieces at shops.

Inventory:

Hand Weapons
 H - the +5 demon whip "Spellbinder" (weapon) {antimagic, MR+}
   (You acquired it on level 4 of the Lair of Beasts)

   It reduces the magical energy of the wielder, and disrupts the spells and
   magical abilities of those hit.
   Natural abilities and divine invocations are not affected.
   It affects your resistance to hostile enchantments.
 K - a +7 morningstar of protection
Missiles
 u - 1675 bolts (quivered)
Armour
 e - a +0 cloak of invisibility (worn)
 x - the +0 helmet "Doecsunn" (worn) {rF+ Str+4}
   (You found it on level 4 of the Shoals)

   It affects your strength (+4).
   It protects you from fire.
 J - the +2 large shield of Okawaru's Pride (worn) {rElec rN+}
   (Okawaru gifted it to you on level 6 of the Lair of Beasts)

   It insulates you from electricity.
   It protects you from negative energy.
 L - a +2 pair of gloves of strength (worn)
 M - the +8 plate armour of Courage (worn) {+Blink}
   (You bought it in a shop on level 2 of the Orcish Mines)

   It lets you blink.
 N - the +1 crystal plate armour of Perfidy {rCorr}
   (Okawaru gifted it to you on level 1 of the Snake Pit)

   It protects you from acid and corrosion.
 O - the +2 pair of boots of the Assassin (worn) {Detection Stab+ Stlth++}
   (You acquired it on level 2 of the Shoals)

   It makes you much more stealthy.
Jewellery
 g - an amulet of regeneration (around neck)
 r - an uncursed ring of protection from fire
 w - a +5 ring of dexterity (right hand)
 A - an uncursed ring of see invisible
 P - a +4 ring of dexterity (left hand)
 Q - a +5 ring of strength
Scrolls
 a - 4 scrolls of summoning
 h - 15 scrolls of teleportation
 k - 5 scrolls of identify
 m - 7 scrolls of fear
 o - 18 scrolls of remove curse
 q - a scroll of blinking
 s - 5 scrolls of amnesia
 v - 2 scrolls of fog
 y - 4 scrolls of enchant weapon
 D - 7 scrolls of magic mapping
 E - a scroll of recharging
Potions
 b - 5 potions of heal wounds
 j - 7 potions of ambrosia
 n - 15 potions of curing
 p - 3 potions of invisibility
 z - 4 potions of haste
 B - a potion of cancellation
 C - a potion of might
 F - 6 potions of agility
 I - 7 potions of brilliance
Books
 c - a book of the Earth

   Spells                             Type                      Level
   a - Leda's Liquefaction            Hexes/Earth                  4
   b - Bolt of Magma                  Conjuration/Fire/Earth       5
   c - Statue Form                    Transmutation/Earth          6
   d - Iron Shot                      Conjuration/Earth            6
   e - Shatter                        Earth                        9
Comestibles
 f - 13 bread rations
 i - 19 meat rations
 l - 8 royal jellies
 t - 17 fruits


   Skills:
 * Level 18.9 Fighting
 * Level 18.7 Maces & Flails
   Level 5.1 Crossbows
 * Level 18.7 Armour
 + Level 10.9 Dodging
 - Level 1.0 Stealth
 * Level 19.4 Shields
 - Level 9.6 Invocations


You had 21 spell levels left.
You didn't know any spells.

Dungeon Overview and Level Annotations

Branches:
Dungeon (15/15)            Temple (1/1) D:6            Lair (6/6) D:8
 Shoals (4/4) Lair:3        Snake (4/4) Lair:3        Slime (0/5) Lair:5
    Orc (2/2) D:12            Elf (0/3) Orc:2        Vaults (5/5) D:14
  Crypt (0/3) Vaults:3     Depths (0/5) D:15

Altars:
Ashenzari
Cheibriados
Dithmenos
Elyvilon
Gozag
Kikubaaqudgha
Makhleb
Nemelex Xobeh
Okawaru
Qazlal
Ru
Sif Muna
Uskayaw
Vehumet
Xom
Yredelemnul
The Shining One
Beogh
Jiyva

Shops:
D:14 }   Orc:1 %[[   Orc:2 =:[*(   Shoals:1 :   Shoals:2 *   Shoals:4 [
Vaults:1 [   Vaults:3 *=

Annotations:
Abyss:1 Aizul, Vashnia


Innate Abilities, Weirdness & Mutations

You are resistant to torment.
Your stone body is resilient. (AC +16)
You are immune to poison.
Your large and strong wings let you fly indefinitely.
You resist negative energy. (rN+)
You are resistant to electric shocks. (rElec)
You can survive without breathing.
You are immune to petrification.
You are immune to rotting.
You have sharp toenails.
You are dopey. (Int -2)
You do not regenerate when monsters are visible.
Potions are less effective at restoring your health.


Message History

You block the lindwurm's attack. x3
Found 32 gold pieces.
You block the lindwurm's attack. The lindwurm misses you.
The lindwurm completely misses you. The lindwurm breathes flames at you.
The blast of flame hits you! You block the torpor snail's attack.
You feel yourself speed up.
The yaktaur captain wields an arbalest.
The yaktaur captain shoots a bolt.
You block the bolt.
You see here a bolt.
A mana viper comes into view.
Found a runed short sword.
Found a dyed leather armour.
Found a great sword.
The mana viper changes into a hippogriff!
Found 2 potions of agility.
The yaktaur captain shoots a bolt.
You block the bolt.
You see here a bolt.
The yaktaur captain shoots a bolt.
The bolt hits you!!
You die...

##### .....
......
......###########
................
#.#@#.#.#.#.#.
#...(.........
#.#.##.##.!##
#...##{##..##
#.#..{)......)
#..c##.##..##.
#.#X##.##..#
#.Xpa$.....#
#{#.##.##..


You could see a tentacled monstrosity, an ironheart preserver, a yaktaur
captain, an entropy weaver and a large abomination.

Vanquished Creatures
  Boris (Vaults:5)
  Saint Roka (Vaults:4)
  A golden dragon (Vaults:5)
  Jorgrun (Snake:3)
  2 tentacled monstrosities
  2 acid blobs
  3 sphinxes
  Frances (Shoals:2)
  Gastronok (Lair:3)
  A shadow dragon (Vaults:4)
  2 storm dragons
  An azure jelly (Snake:4)
  5 nagarajas
  Ilsuiw (Shoals:4)
  A frost giant (Vaults:2)
  Louise (D:14)
  An emperor scorpion (Shoals:4)
  2 orc warlords
  9 vault wardens
  2 fire giants (Vaults:4)
  2 ghouls
  13 ironheart preservers
  6 very ugly things
  2 war gargoyles
  An entropy weaver (Vaults:3)
  8 stone giants
  3 deep elf demonologists
  The ghost of Wesley the Basher, a journeyman DsGl of Sif Muna (Lair:6)
  A deep elf annihilator (Vaults:1)
  An ettin (Vaults:5)
  12 merfolk impalers
  An ettin (shapeshifter) (Vaults:5)
  7 merfolk javelineers
  A deep elf high priest (Vaults:5)
  An ice dragon (Vaults:2)
  12 yaktaur captains
  4 great orbs of eyes
  20 naga warriors
  31 vault guards
  A catoblepas (Lair:4)
  A rakshasa (Vaults:3)
  The ghost of Terrapin the Cudgeler, a novice OgAM of Yredelemnul (D:7)
  12 ogre magi
  7 hydras
  A merfolk avatar (Shoals:4)
  2 alligator snapping turtles
  6 anacondas
  6 centaur warriors
  3 satyrs
  7 merfolk aquamancers (Shoals:4)
  3 death knights
  A two-headed ogre (shapeshifter) (Vaults:2)
  A tengu warrior (D:14)
  35 two-headed ogres
  12 naga sharpshooters
  10 shock serpents
  Urug (D:13)
  A vampire mage (Vaults:3)
  2 orc high priests
  2 deep troll earth magi (Vaults:1)
  A storm dragon zombie (Vaults:3)
  Sonja (Orc:2)
  3 salamander mystics
  5 deep elf knights
  A fire crab (Lair:5)
  17 sea snakes
  A shadow wraith (Vaults:3)
  3 skeletal warriors
  A death drake (shapeshifter) (Vaults:3)
  2 unseen horrors
  2 flayed ghosts
  5 naga ritualists
  9 deep trolls
  4 deep elf archers
  A phantasmal warrior (Vaults:5)
  A tengu zombie (Vaults:4)
  14 orc knights
  4 wizards
  A wolf spider zombie (Vaults:1)
  8 ironbrand convokers
  4 necromancers
  7 mana vipers
  16 harpies
  The ghost of PotatoSol the Shooter, a novice DsHu of Okawaru (D:5)
  An orb spider (Vaults:1)
  A wolf spider (Vaults:3)
  14 salamanders
  7 orc sorcerers
  2 moths of wrath (shapeshifter) (Vaults:5)
  15 slime creatures
  11 manticores
  A tengu skeleton (Vaults:3)
  9 deep elf magi
  A salamander (shapeshifter) (Vaults:2)
  14 fauns
  33 ugly things
  14 cyclopes
  6 guardian serpents
  10 vault sentinels
  Maurice (Orc:2)
  38 black mambas
  10 merfolk sirens
  A centaur zombie (D:15)
  4 elephants
  26 naga magi
  8 water nymphs
  4 gargoyles
  5 komodo dragons
  2 human zombies (Vaults:4)
  20 spiny frogs
  A rime drake (Lair:3)
  A kobold demonologist (D:14)
  10 freezing wraiths
  28 yaktaurs
  A yaktaur (shapeshifter) (Vaults:5)
  2 efreet
  A yaktaur skeleton (Vaults:4)
  A golden dragon simulacrum (Vaults:4)
  3 trolls
  4 harpy zombies (Shoals:3)
  A queen bee (shapeshifter) (D:15)
  A jumping spider (shapeshifter) (Vaults:1)
  21 merfolk
  3 meliai (D:15)
  A hippogriff (shapeshifter) (Vaults:5)
  22 blink frogs
  4 wind drakes
  2 hornets
  4 dream sheep (Shoals:2)
  An ettin zombie (Vaults:4)
  5 tyrant leeches (Lair:6)
  10 hippogriffs
  Grinder (D:6)
  11 snapping turtles
  A vampire (D:12)
  A tarantella (Vaults:1)
  3 tarantellas (shapeshifter)
  13 water elementals
  9 redbacks
  4 wraiths
  2 wyverns
  A shadow (D:12)
  37 yaks
  A steam dragon (Lair:4)
  10 vampire mosquitoes
  4 basilisks
  A human simulacrum (Vaults:3)
  A yaktaur simulacrum (Vaults:1)
  6 wargs
  60 nagas
  2 acid dragons
  A soldier ant (D:13)
  12 water moccasins
  15 porcupines
  A floating eye (Snake:2)
  6 ice beasts
  48 orc warriors
  5 black bears
  A phantom (D:8)
  3 sky beasts
  44 ogres
  17 centaurs
  6 boggarts (Vaults:1)
  16 wolves
  12 crocodiles
  8 big kobolds
  A yaktaur zombie (Vaults:1)
  29 bullfrogs
  A hippogriff zombie (Shoals:3)
  3 human skeletons
  2 scorpions
  34 killer bees
  9 wights
  A howler monkey (D:7)
  6 electric eels
  A crimson imp (D:8)
  A quasit (D:13)
  A bullfrog zombie (D:12)
  2 centaur skeletons
  2 jellies
  21 orc priests
  7 hounds
  24 orc wizards
  A bullfrog skeleton (D:11)
  Natasha (twice) (D:4)
  4 iguanas
  8 worker ants
  6 hell rats (Lair:5)
  A hound skeleton (D:9)
  7 gnolls
  A howler monkey skeleton (D:11)
  18 adders
  4 shadow imps
  7 oozes (Sewer)
  An adder zombie (D:6)
  An adder skeleton (D:9)
  4 worms
  3 dart slugs
  8 leopard geckos
  93 orcs
  4 ball pythons
  6 giant cockroaches
  6 hobgoblins
  8 jackals
  5 quokkas
  7 bats
  3 frilled lizards
  14 goblins
  7 kobolds
  6 rats
  4 plants (Shoals:4)
1525 creatures vanquished.

Vanquished Creatures (collateral kills)
  A nagaraja (Snake:4)
  A vault warden (Vaults:4)
  An ironheart preserver (Vaults:1)
  2 vault guards (Vaults:1)
  2 naga warriors (Snake:4)
  A shadow wraith (Vaults:1)
  A deep elf archer (Vaults:3)
  A naga ritualist (Snake:4)
  An ironbrand convoker (Vaults:4)
  2 salamanders
  A black mamba (Snake:4)
  A vault sentinel (Vaults:1)
  2 naga magi
  4 yaktaurs
  A slime creature (Vaults:1)
  6 nagas
  A warg (Vaults:1)
  An ogre (Vaults:1)
  A crocodile (D:14)
  Blork the orc (Orc:2)
  A water moccasin skeleton (D:7)
  An orc wizard (Orc:2)
  An orc (Vaults:1)
35 creatures vanquished.

Vanquished Creatures (others)
  3 eldritch tentacles
  An ogre mage (Vaults:2)
  A naga sharpshooter (Snake:4)
  An ironbrand convoker (Vaults:4)
  A faun (Shoals:3)
  A merfolk siren (Shoals:4)
  A naga mage (Snake:4)
  A water elemental (D:15)
  An ogre (Vaults:2)
  A killer bee (D:9)
  A jelly (D:6)
  2 orc wizards
  5 ball lightnings
  2 orcs
  4 jackals (D:6)
  3 fire vortices
  8 fungi
  45 plants
82 creatures vanquished.

Grand Total: 1642 creatures vanquished

Notes
Turn   | Place    | Note
-------+----------+-------------------------------------------
     0 | D:1      | JeffiDaFish the Gargoyle Fighter began the quest for the Orb.
     0 | D:1      | Reached XP level 1. HP: 14/14 MP: 1/1
   557 | D:1      | Reached XP level 2. HP: 19/19 MP: 2/2
  1004 | D:2      | Reached XP level 3. HP: 23/23 MP: 3/3
  1075 | D:2      | Reached skill level 4 in Shields
  1224 | D:2      | Reached XP level 4. HP: 28/29 MP: 4/4
  1252 | D:2      | Found a faded altar of an unknown god.
  1808 | D:3      | Reached XP level 5. HP: 30/33 MP: 5/5
  2080 | D:3      | Reached skill level 1 in Dodging
  2106 | D:3      | Found a glowing drain.
  2144 | Sewer    | Entered a sewer
  2234 | Sewer    | Noticed a big kobold
  2250 | Sewer    | Killed a big kobold
  2250 | Sewer    | Reached XP level 6. HP: 38/38 MP: 6/6
  2420 | Sewer    | Reached skill level 5 in Shields
  2427 | Sewer    | Reached XP level 7. HP: 41/44 MP: 7/7
  2465 | Sewer    | Reached skill level 5 in Maces & Flails
  3259 | D:4      | Reached XP level 8. HP: 48/48 MP: 8/8
  3641 | D:4      | Noticed Natasha
  3645 | D:4      | Killed Natasha
  3735 | D:4      | Noticed Natasha
  3747 | D:4      | Killed Natasha
  3811 | D:5      | Entered Level 5 of the Dungeon
  3846 | D:5      | Reached skill level 6 in Shields
  3907 | D:5      | Noticed PotatoSol's ghost (novice DsHu)
  3942 | D:5      | Killed PotatoSol's ghost
  3942 | D:5      | Reached skill level 5 in Fighting
  3942 | D:5      | Reached skill level 5 in Armour
  4050 | D:5      | Reached XP level 9. HP: 30/54 MP: 9/9
  4142 | D:5      | Found a hide-covered altar of Uskayaw.
  4255 | D:5      | Found a shattered altar of Ashenzari.
  4255 | D:5      | Found a shimmering altar of Xom.
  4647 | D:6      | Reached skill level 7 in Shields
  4747 | D:6      | Found a staircase to the Ecumenical Temple.
  4756 | Temple   | Entered the Ecumenical Temple
  4788 | Temple   | Became a worshipper of Warmaster Okawaru
  5075 | D:6      | Gained mutation: You are dopey. (Int -2) [potion of mutation]
  5075 | D:6      | Gained mutation: You have sharp toenails. [potion of mutation]
  5166 | D:6      | Noticed Grinder
  5166 | D:6      | Paralysed by Grinder for 7 turns
  5175 | D:6      | Paralysed by Grinder for 2 turns
  5185 | D:6      | Killed Grinder
  5332 | D:7      | Noticed a hornet
  5350 | D:6      | Killed a hornet
  5350 | D:6      | Reached * piety under Okawaru
  5393 | D:7      | Noticed Terrapin's ghost (novice OgAM)
  5430 | D:7      | Killed Terrapin's ghost
  5430 | D:7      | Reached ** piety under Okawaru
  5430 | D:7      | Reached skill level 8 in Shields
  5430 | D:7      | Reached XP level 10. HP: 49/61 MP: 10/10
  5540 | D:7      | Found a sparkling altar of Nemelex Xobeh.
  5607 | D:7      | Found a deep blue altar of Sif Muna.
  5830 | D:7      | Found a burning altar of Makhleb.
  5945 | D:8      | Found a stormy altar of Qazlal.
  5978 | D:7      | Reached skill level 1 in Stealth
  6139 | D:7      | Reached *** piety under Okawaru
  6184 | D:8      | Found a staircase to the Lair.
  6223 | D:8      | Reached skill level 10 in Maces & Flails
  6302 | D:8      | Found a radiant altar of Vehumet.
  6523 | D:8      | Reached skill level 9 in Shields
  6646 | D:8      | Noticed a two-headed ogre
  6665 | D:8      | Killed a two-headed ogre
  6665 | D:8      | Reached **** piety under Okawaru
  6665 | D:8      | Reached XP level 11. HP: 49/67 MP: 11/11
  6707 | D:8      | Found an iron altar of Okawaru.
  6733 | D:8      | Noticed a two-headed ogre
  6757 | D:8      | Killed a two-headed ogre
  7201 | Lair:1   | Entered Level 1 of the Lair of Beasts
  7219 | Lair:1   | Reached skill level 10 in Shields
  7317 | Lair:1   | Reached ***** piety under Okawaru
  7362 | Lair:1   | Noticed a seven-headed hydra
  7375 | Lair:1   | Killed a seven-headed hydra
  7559 | Lair:1   | Reached skill level 1 in Invocations
  7574 | Lair:1   | Reached skill level 1 in Crossbows
  7612 | Lair:1   | Received a gift from Okawaru
  8420 | Lair:2   | Received a gift from Okawaru
  8420 | Lair:2   | Reached XP level 12. HP: 46/75 MP: 13/13
  8497 | Lair:2   | Noticed an eight-headed hydra
  8509 | Lair:2   | Killed an eight-headed hydra
  9225 | Lair:3   | Found a staircase to the Snake Pit.
  9256 | Lair:3   | Reached ****** piety under Okawaru
  9256 | Lair:3   | Received a gift from Okawaru
  9332 | Lair:3   | Reached skill level 11 in Shields
  9424 | Lair:3   | Noticed Gastronok
  9466 | Lair:3   | Killed Gastronok
  9686 | Lair:3   | Found a staircase to the Shoals.
  9817 | Lair:3   | Noticed a five-headed hydra
  9825 | Lair:3   | Killed a five-headed hydra
 10526 | Lair:4   | Received a gift from Okawaru
 10526 | Lair:4   | Reached XP level 13. HP: 49/82 MP: 16/16
 10539 | Lair:4   | Reached skill level 10 in Fighting
 10635 | Lair:4   | Reached skill level 10 in Armour
 10781 | Lair:4   | Identified a scroll of acquirement
 11312 | Lair:5   | Reached skill level 5 in Dodging
 11435 | Lair:5   | Received a gift from Okawaru
 11757 | Lair:5   | Found a runed door.
 11758 | Lair:5   | Found a viscous altar of Jiyva.
 11760 | Lair:5   | Found a staircase to the Slime Pits.
 11762 | Lair:5   | Noticed an acid blob
 11775 | Lair:5   | Killed an acid blob
 12004 | Lair:6   | Entered Level 6 of the Lair of Beasts
 12074 | Lair:6   | Received a gift from Okawaru
 12110 | Lair:6   | Reached skill level 12 in Shields
 12254 | Lair:6   | Reached skill level 5 in Invocations
 12266 | Lair:6   | Received a gift from Okawaru
 12269 | Lair:6   | Got an ichor-stained large shield {god gift}
 12338 | Lair:6   | Identified the +2 large shield of Okawaru's Pride {rElec rN+} (Okawaru gifted it to you on level 6 of the Lair of Beasts)
 12727 | Lair:6   | Gained mutation: Your large and strong wings let you fly indefinitely. [Gargoyle growth]
 12727 | Lair:6   | Reached XP level 14. HP: 90/90 MP: 6/18
 12920 | Lair:6   | Noticed Wesley's ghost (journeyman DsGl)
 12977 | Lair:6   | Killed Wesley's ghost
 12977 | Lair:6   | Reached skill level 5 in Crossbows
 13614 | D:9      | Found a glowing golden altar of the Shining One.
 14379 | D:9      | Found a sacrificial altar of Ru.
 14636 | D:10     | Entered Level 10 of the Dungeon
 15235 | D:11     | Found a shadowy altar of Dithmenos.
 16014 | D:12     | Found a burning altar of Makhleb.
 16059 | D:12     | Received a gift from Okawaru
 16403 | D:12     | Reached skill level 13 in Shields
 16537 | D:12     | Found a staircase to the Orcish Mines.
 17174 | D:13     | Noticed Urug
 17189 | D:13     | Killed Urug
 17189 | D:13     | Received a gift from Okawaru
 17480 | D:14     | Reached XP level 15. HP: 76/96 MP: 6/19
 17506 | D:14     | Noticed Louise
 17577 | D:14     | Killed Louise
 17752 | D:14     | Found a gate to the Vaults.
 17854 | D:14     | Found Riprow's Gadget Boutique.
 18098 | D:15     | Entered Level 15 of the Dungeon
 18372 | D:15     | Found a staircase to the Depths.
 19049 | Orc:1    | Entered Level 1 of the Orcish Mines
 19049 | Orc:1    | Found Qoid's Armour Boutique.
 19098 | Orc:1    | Received a gift from Okawaru
 19129 | Orc:1    | Found Ofuyl Jyese's Armour Emporium.
 19141 | Orc:1    | Bought a +2 pair of gloves for 181 gold pieces
 19141 | Orc:1    | Bought a +0 cloak for 49 gold pieces
 19160 | Orc:1    | Bought a +1 pair of gloves of strength for 181 gold pieces
 19321 | Orc:2    | Entered Level 2 of the Orcish Mines
 19336 | Orc:2    | Found Wuan's Jewellery Boutique.
 19408 | Orc:2    | Noticed an orc warlord
 19529 | Orc:2    | Killed an orc warlord
 19529 | Orc:2    | Received a gift from Okawaru
 19702 | Orc:2    | Noticed Blork the orc
 19725 | Orc:2    | Killed Blork the orc
 19830 | Orc:2    | Found a roughly hewn altar of Beogh.
 19835 | Orc:2    | Found Receahol's Antique Armour Boutique.
 19865 | Orc:2    | Received a gift from Okawaru
 20117 | Orc:2    | Noticed Sonja
 20176 | Orc:2    | Killed Sonja
 20198 | Orc:2    | Noticed Maurice
 20242 | Orc:2    | Killed Maurice
 20409 | Orc:2    | Found Umaehuow's Antique Weapon Boutique.
 20424 | Orc:2    | Found Egecoyxu's General Store.
 20431 | Orc:2    | Bought the +8 plate armour of Courage {+Blink} for 1078 gold pieces
 20442 | Orc:2    | Bought a potion of might for 56 gold pieces
 20454 | Orc:2    | Found a staircase to the Elven Halls.
 20519 | Orc:2    | Found Kyupaf's Book Boutique.
 20573 | Orc:1    | Found Osutoer's Food Shoppe.
 20573 | Orc:1    | Noticed an orc warlord
 20815 | Orc:1    | Killed an orc warlord
 20815 | Orc:1    | Received a gift from Okawaru
 21336 | D:10     | Reached skill level 14 in Shields
 21471 | Snake:1  | Entered Level 1 of the Snake Pit
 21609 | Snake:1  | Reached XP level 16. HP: 43/104 MP: 2/21
 21687 | Snake:1  | Received a gift from Okawaru
 21692 | Snake:1  | Got a twisted crystal plate armour {god gift}
 21703 | Snake:1  | Identified the +1 crystal plate armour of Perfidy {rCorr} (Okawaru gifted it to you on level 1 of the Snake Pit)
 22723 | Snake:2  | Noticed a nagaraja
 22752 | Snake:2  | Killed a nagaraja
 22919 | Snake:2  | Received a gift from Okawaru
 23390 | Snake:3  | Noticed a nagaraja
 23400 | Snake:3  | Received a gift from Okawaru
 23412 | Snake:3  | Killed a nagaraja
 23481 | Snake:3  | Reached XP level 17. HP: 103/111 MP: 7/23
 23559 | Snake:3  | Reached skill level 15 in Maces & Flails
 23772 | Snake:3  | Reached skill level 15 in Shields
 23927 | Snake:3  | Noticed Vashnia
 23974 | Snake:3  | Banished Vashnia
 24437 | Snake:3  | Noticed Jorgrun
 24452 | Snake:3  | Killed Jorgrun
 24599 | Snake:3  | Noticed Aizul
 24603 | Snake:3  | Noticed Aizul
 24603 | Snake:3  | Aizul changed into Aizul the entropy weaver
 24606 | Snake:3  | Banished Aizul the entropy weaver
 25046 | Snake:4  | Entered Level 4 of the Snake Pit
 25364 | Snake:4  | Received a gift from Okawaru
 25367 | Snake:4  | Identified the +8 mace "Demonslayer" {crush, +Rage Int+4 Dex+3} (Okawaru gifted it to you on level 4 of the Snake Pit)
 25956 | Snake:4  | Reached skill level 15 in Fighting
 26188 | Snake:4  | Received a gift from Okawaru
 26359 | Snake:4  | Reached XP level 18. HP: 115/119 MP: 8/25
 26417 | Snake:4  | Got a serpentine rune of Zot
 26938 | Shoals:1 | Entered Level 1 of the Shoals
 26954 | Shoals:1 | Found Ocutyune's Book Emporium.
 26981 | Shoals:1 | Was placed under penance by Okawaru
 27012 | Shoals:1 | Reached skill level 15 in Armour
 27026 | Shoals:1 | Reached skill level 16 in Shields
 27323 | Shoals:1 | Was forgiven by Okawaru
 28024 | Shoals:2 | Noticed Frances
 28042 | Shoals:2 | Killed Frances
 28227 | Shoals:2 | Found Qine's General Store.
 28400 | Shoals:2 | Received a gift from Okawaru
 30051 | Shoals:4 | Entered Level 4 of the Shoals
 30061 | Shoals:4 | Noticed Ilsuiw
 30093 | Shoals:4 | Killed Ilsuiw
 30264 | Shoals:4 | Reached XP level 19. HP: 125/125 MP: 8/26
 30633 | Shoals:4 | Received a gift from Okawaru
 30757 | Shoals:4 | Received a gift from Okawaru
 30898 | Shoals:4 | Found Omoz Biump's Antique Armour Shoppe.
 31220 | Shoals:4 | Got a clouded lead amulet
 31386 | Shoals:4 | Got a heavily runed helmet
 31397 | Shoals:4 | Identified the cursed +0 helmet "Doecsunn" {rF+ Str+4} (You found it on level 4 of the Shoals)
 31401 | Shoals:4 | Identified the amulet of Dacewue {Faith Dex+4 SInv} (You took it off a merfolk on level 4 of the Shoals)
 31521 | Shoals:4 | Got a barnacled rune of Zot
 31614 | Shoals:4 | Reached skill level 17 in Shields
 31962 | Vaults:1 | Entered Level 1 of the Vaults
 32016 | Vaults:1 | Received a gift from Okawaru
 32301 | Vaults:1 | Received a gift from Okawaru
 32468 | Vaults:1 | Paralysed by a great orb of eyes for 6 turns
 32841 | Vaults:1 | Found Qeuxo's Antique Armour Boutique.
 33185 | Vaults:1 | Reached XP level 20. HP: 69/133 MP: 9/27
 33341 | Vaults:1 | Received a gift from Okawaru
 33722 | Vaults:1 | Received a gift from Okawaru
 34439 | Vaults:2 | Was placed under penance by Okawaru
 34463 | Vaults:2 | Reached skill level 18 in Shields
 34537 | Vaults:2 | Was forgiven by Okawaru
 34894 | Vaults:2 | Got a clouded silver amulet
 34939 | Vaults:2 | Identified the amulet of Evetedd {Reflect rC+ rN+++ Str-4 SH+3 Stlth+} (You found it on level 2 of the Vaults)
 35140 | Vaults:2 | Reached skill level 10 in Dodging
 35298 | Vaults:2 | Reached XP level 21. HP: 127/140 MP: 9/28
 35302 | Vaults:2 | Received a gift from Okawaru
 35579 | Vaults:3 | Received a gift from Okawaru
 35643 | Vaults:3 | Identified the +3 flail "Xibre" {chaos, *Contam rPois Str+2 Int+5} (Okawaru gifted it to you on level 3 of the Vaults)
 35676 | Vaults:3 | Found a staircase to the Crypt.
 36024 | Vaults:3 | Found Wupsisush's Jewellery Emporium.
 36024 | Vaults:3 | Found Isigokol's Assorted Antiques.
 36032 | Vaults:3 | Bought a +5 ring of dexterity for 947 gold pieces
 36042 | Vaults:3 | Bought a scintillating lead ring for 225 gold pieces
 36042 | Vaults:3 | Identified the ring "Neosumel" {rPois MR+ AC+3} (You bought it in a shop on level 3 of the Vaults)
 36120 | Vaults:3 | Received a gift from Okawaru
 36380 | Vaults:3 | HP: 6/141 [acid (9)]
 37088 | Vaults:4 | Noticed Saint Roka
 37147 | Vaults:4 | Killed Saint Roka
 37147 | Vaults:4 | Received a gift from Okawaru
 38272 | Vaults:4 | Reached skill level 19 in Shields
 38417 | Vaults:5 | Entered Level 5 of the Vaults
 38417 | Vaults:5 | Noticed Boris
 38447 | Vaults:4 | Reached XP level 22. HP: 145/148 MP: 9/29
 38888 | Vaults:4 | Received a gift from Okawaru
 39143 | Vaults:5 | Killed Boris
 39147 | Vaults:5 | Gained mutation: Potions are less effective at restoring your health. [a shining eye]
 39152 | Vaults:5 | Gained mutation: You do not regenerate when monsters are visible. [a shining eye]
 39471 | Vaults:5 | Received a gift from Okawaru
 39504 | Vaults:5 | Noticed a golden dragon
 39526 | Vaults:5 | Killed a golden dragon
 39558 | Vaults:5 | Noticed a golden dragon
 39568 | Vaults:5 | HP: 6/148 [large abomination[a deep elf high priest] (13)]
 39574 | Vaults:5 | HP: 2/148 [tentacled monstrosity (4)]
 39588 | Vaults:5 | Shot with a bolt by a yaktaur captain

Skill      XL: |  1  2  3  4  5  6  7  8  9 10 11 12 13 14 15 16 17 18 19 20 21 |
---------------+----------------------------------------------------------------+-----
Shields        | 4 5 6 8 9 10 11 12 13 14 15 16 17 18 19 | 19.4
Maces & Flails | 3 4 5 7 9 10 11 12 13 14 15 16 17 18 | 18.7
Armour         | 4 5 6 7 8 9 10 12 13 14 15 16 17 18 | 18.7
Dodging        | 1 2 3 4 5 6 7 8 9 10 | 10.9
Fighting       | 4 5 6 7 8 9 11 12 13 14 15 16 17 18 | 18.9
Stealth        | 1 |  1.0
Invocations    | 2 4 5 6 7 8 9 |  9.6
Crossbows      | 2 3 4 5 |  5.1

Action                   |  1- 3 |  4- 6 |  7- 9 | 10-12 | 13-15 | 16-18 | 19-21 | 22-24 || total
-------------------------+-------+-------+-------+-------+-------+-------+-------+-------++-------
Melee: Flail             |   120 |   213 |   523 |  1075 |    37 |       |       |       ||  1968
       Kick              |       |       |    33 |    19 |       |       |       |       ||    52
       Demon whip        |       |       |       |       |  1948 |  2213 |  2401 |   462 ||  7024
       Morningstar       |       |       |       |       |    34 |       |   170 |       ||   204
 Fire: Hand crossbow     |       |       |       |    15 |       |       |       |       ||    15
Invok: Finesse           |       |       |       |     1 |       |       |     2 |       ||     3
       Heroism           |       |       |       |       |     2 |       |       |       ||     2
 Abil: Fly               |       |       |       |       |     1 |     2 |       |       ||     3
       Stop Flying       |       |       |       |       |     1 |     1 |       |       ||     2
       Evoke Blink       |       |       |       |       |       |       |     1 |       ||     1
  Use: Scroll            |     8 |     2 |     2 |     8 |     9 |     6 |    15 |     2 ||    52
       Potion            |     2 |     2 |     7 |     4 |     3 |       |     4 |     2 ||    24
 Stab: Distracted        |       |       |       |       |     2 |     5 |     3 |       ||    10
       Confused          |       |       |       |       |     1 |     1 |    11 |     1 ||    14
       Petrified         |       |       |       |       |     1 |       |       |       ||     1
       Paralysed         |       |       |       |       |       |     6 |     4 |       ||    10
  Eat: Chunk             |     1 |     5 |    11 |    18 |    36 |    29 |    29 |     3 ||   132
       Royal jelly       |       |       |       |       |       |     1 |       |       ||     1
Armor: Scale mail        |    69 |   121 |   101 |       |       |       |       |       ||   291
       Chain mail        |       |       |   171 |    51 |       |       |       |       ||   222
       Plate armour      |       |       |       |   592 |   582 |   732 |   595 |   221 ||  2722
Dodge: Dodged            |    37 |    70 |   118 |   297 |   280 |   366 |   413 |   162 ||  1743
Block: Shield            |    64 |   109 |   300 |   791 |   146 |       |       |       ||  1410
       Large shield      |       |       |       |       |  1411 |  2048 |  2184 |   594 ||  6237
